 Dungeon Crawl Stone Soup version 0.24.0-13-gcf9b319 (webtiles) character file.

Game seed: 16812028682580391329, levelgen mode: deterministic

83 Bronimir the Chopper (level 4, -8/36 HPs)
             Began as a Centaur Gladiator on Apr 12, 2020.
             Mangled by Natasha (12 damage)
             ... on level 2 of the Dungeon.
             The game lasted 00:02:34 (1762 turns).

Bronimir the Chopper (Centaur Gladiator)            Turns: 1762, Time: 00:02:34

Health: -8/36      AC:  5    Str: 17    XL:     4   Next: 22%
Magic:  4/4        EV: 10    Int:  7    God:
Gold:   120        SH:  0    Dex: 11    Spells: 3/3 levels left

rFire    . . .     SeeInvis .   a - +0 war axe
rCold    . . .     Gourm    .   (no shield)
rNeg     . . .     Faith    .   m - +0 leather armour
rPois    .         Spirit   .   c - +0 helmet
rElec    .         Reflect  .   (no cloak)
rCorr    .         Harm     .   (no gloves)
MR       .....                  (no barding)
Stlth    ..........             (no amulet)
HPRegen  0.12/turn              o - ring of attention (curse)
MPRegen  0.09/turn              (no ring)

@: slowed
A: large, hooves 3, deformed body, speed 2, tough skin 3
a: no special abilities


You were on level 2 of the Dungeon.
You were not hungry.

You visited 1 branch of the dungeon, and saw 2 of its levels.

You collected 120 gold pieces.

Inventory:

Hand Weapons
 a - a +0 war axe (weapon)
 b - a cursed -2 hunting sling
Missiles
 d - 3 throwing nets (quivered)
 e - 61 stones
 g - 27 arrows
Armour
 c - a +0 helmet (worn)
 m - a +0 leather armour (worn)
Jewellery
 o - a cursed ring of attention (left hand)
Scrolls
 h - 2 scrolls of remove curse {unknown}
 i - a scroll of amnesia {unknown}
 k - 2 scrolls of identify {unknown}
 l - a scroll of teleportation {unknown}
Potions
 j - 2 potions of magic {unknown}
 n - a potion of curing {unknown}
Comestibles
 f - 5 rations
 p - a chunk of flesh


   Skills:
 * Level 2.2 Fighting
 * Level 3.7 Axes
 + Level 2.2 Throwing
 * Level 1.0 Armour
 * Level 2.6 Dodging


You had 3 spell levels left.
You didn't know any spells.
Your spell library was empty.

Dungeon Overview and Level Annotations

Branches:
Dungeon (2/15)

Altars:
Dithmenos
Qazlal

Annotations:
D:2 Natasha


Innate Abilities, Weirdness & Mutations

You have hooves in place of feet.
Armour fits poorly on your strangely shaped body.
You cover ground very quickly.
You have extremely tough skin. (AC +3)


Message History

You barely miss Natasha. You kick Natasha.
Natasha is lightly wounded.
The crimson imp shouts, "Give up, thou puny spleeny minnow reeky!"
Natasha claws you!
A goblin comes into view. It is wielding a +0 dagger.
Natasha claws you.
* * * LOW HITPOINT WARNING * * *
You closely miss Natasha. You kick Natasha.
Natasha is moderately wounded.
The crimson imp disappears in a puff of smoke!
Natasha barely misses you. x2
You hit Natasha but do no damage.
Natasha is moderately wounded.
Natasha casts a spell at you. The magic dart hits you!
* * * LOW HITPOINT WARNING * * *
You closely miss Natasha. Your kick misses Natasha.
Natasha is moderately wounded.
Natasha claws you!
You die...

....... #......
#...... #......
....>.. .......
.....g5###########
.>...Kbh@..#.....#
#.#######..#.....#
#........#
#.#......# #
#.#......#.#
#.##.#####.#
#.##..#....#
..###.#....# ###
#......#


You could see Natasha, a crimson imp, a goblin, a bat and a kobold.

Vanquished Creatures
  Natasha (twice) (D:2)
  A worm (D:2)
  A dart slug (D:1)
  A leopard gecko (D:2)
  A giant cockroach (D:1)
  A goblin (D:2)
  3 hobgoblins
  6 kobolds
  A quokka (D:2)
  2 ball pythons (D:1)
  3 bats
  2 frilled lizards (D:2)
  7 rats
31 creatures vanquished.

Notes
Turn   | Place    | Note
-------+----------+-------------------------------------------
     0 | D:1      | Bronimir the Centaur Gladiator began the quest for the Orb.
     0 | D:1      | Reached XP level 1. HP: 17/17 MP: 1/1
   305 | D:1      | Reached XP level 2. HP: 22/24 MP: 2/2
   390 | D:1      | Reached skill level 3 in Axes
   839 | D:2      | Found a shadowy altar of Dithmenos.
   901 | D:2      | Noticed Natasha
   904 | D:2      | Noticed a crimson imp
   907 | D:2      | Noticed a crimson imp
   914 | D:2      | Noticed a crimson imp
  1248 | D:2      | Reached XP level 3. HP: 24/29 MP: 3/3
  1259 | D:2      | Killed Natasha
  1508 | D:2      | Noticed a fire elemental
  1510 | D:2      | Found a stormy altar of Qazlal.
  1511 | D:2      | Noticed an air elemental
  1511 | D:2      | Noticed an earth elemental
  1511 | D:2      | Noticed a water elemental
  1548 | D:2      | Noticed Natasha
  1555 | D:2      | Killed Natasha
  1555 | D:2      | Reached XP level 4. HP: 13/36 MP: 4/4
  1612 | D:2      | Noticed Natasha
  1752 | D:2      | Reached skill level 1 in Armour
  1762 | D:2      | Mangled by Natasha

Levels and vault maps discovered:
D:1:      evilmike_arrival_rings, layout_loops_ring, minmay_tetromino_i2
D:2:      layout_basic, lemuel_doored_altar, zin_purify,
          lemuel_coloured_pillars_altar, nicolae_qazlal_style_of_elements,
          uniq_natasha

Skill      XL: |  1  2  3  4 |
---------------+-------------+-----
Axes           | 3 |  3.7
Armour         | 1 |  1.0
Fighting       | |  2.2
Throwing       | |  2.2
Dodging        | |  2.6

Action                   |  1- 3 |  4- 6 || total
-------------------------+-------+-------++-------
Melee: War axe           |    73 |    16 ||    89
       Kick              |    12 |     3 ||    15
  Eat: Chunk             |     1 |     1 ||     2
Armor: Leather armour    |    26 |     5 ||    31
Dodge: Dodged            |    46 |    13 ||    59
